 Dungeon Crawl Stone Soup version 0.25-a0-341-g6f074c887a (webtiles) character file.

Game seed: 12354673163567828912, levelgen mode: deterministic

96 Gildeon the Shield-Bearer (level 4, 0/27 HPs)
             Began as a Deep Elf Fighter on Dec 30, 2019.
             Was an Initiate of Vehumet.
             Succumbed to an adder's poison
             ... on level 2 of the Dungeon.
             The game lasted 00:06:02 (2097 turns).

Gildeon the Shield-Bearer (Deep Elf Fighter)        Turns: 2097, Time: 00:06:03

Health: 0/27       AC:  6    Str: 13    XL:     4   Next: 41%
Magic:  15/15      EV:  7    Int: 13    God:    Vehumet [......]
Gold:   45         SH:  8    Dex: 15    Spells: 3/3 levels left

rFire    + . .     SeeInvis .   a - +0 trident
rCold    x . .     Gourm    .   c - +0 shield
rNeg     . . .     Faith    .   b - +0 scale mail
rPois    .         Spirit   .   (no helmet)
rElec    .         Reflect  .   (no cloak)
rCorr    .         Harm     .   (no gloves)
MR       .....                  (no boots)
Stlth    ..........             j - amulet of the acrobat
HPRegen  0.09/turn              e - ring of fire
MPRegen  0.14/turn              m - ring of magical power

@: lethally poisoned (0 -> -3)
A: no striking features
a: Renounce Religion


You were on level 2 of the Dungeon.
You worshipped Vehumet.
Vehumet was noncommittal.
You were not hungry.

You visited 1 branch of the dungeon, and saw 2 of its levels.

You collected 45 gold pieces.

Inventory:

Hand Weapons
 a - a +0 trident (weapon)
 k - a +0 spear
Missiles
 l - 13 poisoned darts (quivered)
Armour
 b - a +0 scale mail (worn)
 c - a +0 shield (worn)
 p - a +0 pair of gloves
Jewellery
 e - a ring of fire (left hand)
 j - an amulet of the acrobat (around neck)
 m - a ring of magical power (right hand)
Scrolls
 g - a scroll of teleportation
 h - a scroll of fear
 q - a scroll of blinking
Potions
 d - a potion of might
 n - a potion of resistance
Comestibles
 f - 4 rations
 i - 8 chunks of flesh


   Skills:
 + Level 2.9 Fighting
 + Level 2.0 Polearms
 + Level 2.9 Armour
 + Level 1.9 Dodging
 + Level 2.9 Shields


You had 3 spell levels left.
You didn't know any spells.
Your spell library was empty.

Dungeon Overview and Level Annotations

Branches:
Dungeon (2/15)

Altars:
Vehumet


Message History

There is an open door here.
You see here a hobgoblin corpse.
Unknown command.
You butcher the hobgoblin corpse.
There is an open door here.
Things that are here:
2 chunks of flesh; a hobgoblin skeleton
i - 8 chunks of flesh (gained 2)
* * * LOW HITPOINT WARNING * * *
You feel sick.
* * * LOW HITPOINT WARNING * * *
You feel sick.
There is a stone staircase leading down here.
Okay, then.
Okay, then.
As you read the scroll of identify, it crumbles to dust.
h - a scroll of fear
As you read the scroll of identify, it crumbles to dust.
q - a scroll of blinking You die...

##......# #.#####
##.##### #.....# #.#
#####.# #.# #.# ##÷## #.#
##...## ####.#####
##.....## ##........#
#.....>.## ##..##.###.#
#.......@.####...#..# #.#
+........%+........####.#
#.........###...........#
##.......## #...#...#...#
##.....## #..###.###..#
##...## #.÷.#...#..##
##+# ##...._....# #.#
#..#...#..# #.#
#.###÷###.#


There were no monsters in sight!

Vanquished Creatures
  A gnoll (D:1)
  2 adders (D:2)
  An ooze (D:1)
  A dart slug (D:2)
  3 leopard geckos
  A giant cockroach (D:1)
  11 goblins
  9 hobgoblins
  4 jackals (D:2)
  5 kobolds
  6 bats
  4 frilled lizards
  9 rats
57 creatures vanquished.

Notes
Turn   | Place    | Note
-------+----------+-------------------------------------------
     0 | D:1      | Gildeon the Deep Elf Fighter began the quest for the Orb.
     0 | D:1      | Reached XP level 1. HP: 13/13 MP: 3/3
   122 | D:1      | Reached XP level 2. HP: 16/18 MP: 4/4
   302 | D:1      | Reached skill level 1 in Dodging
   843 | D:1      | Reached XP level 3. HP: 21/22 MP: 5/5
  1806 | D:2      | Reached XP level 4. HP: 18/27 MP: 6/6
  1896 | D:2      | Found a radiant altar of Vehumet.
  2014 | D:2      | Became a worshipper of Vehumet
  2091 | D:2      | HP: 1/27 [poisoned by an adder]
  2097 | D:2      | Succumbed to an adder's poison

Levels and vault maps discovered:
D:1:      roderic_dead_forest, layout_basic, hangedman_feature_mirror,
          minmay_heptomino_w4
D:2:      layout_loops_corners, vehumet_crystals, first_ration,
          minmay_tiny_reverse_x

Skill      XL: |  1  2  3  4 |
---------------+-------------+-----
Dodging        | 1 |  1.9
Polearms       | 2 |  2.0
Fighting       | |  2.9
Armour         | |  2.9
Shields        | |  2.9

Action                   |  1- 3 |  4- 6 || total
-------------------------+-------+-------++-------
Melee: Trident           |   169 |    57 ||   226
  Use: Scroll            |     3 |     2 ||     5
  Eat: Chunk             |     3 |     1 ||     4
Armor: Scale mail        |    78 |    18 ||    96
Dodge: Dodged            |    73 |    17 ||    90
Block: Shield            |    70 |    26 ||    96

Table legend:
 A = Non-vault XP
 B = Vault XP
 C = Vault XP percentage of total XP
 D = Non-vault monster count
 E = Vault monster count
 F = Vault count percentage of total count
                 A         B        C        D         E       F
            +---------+---------+-------+---------+---------+-------
      Total |     126 |      12 |   8.7 |      49 |       8 |  14.0
            +---------+---------+-------+---------+---------+-------
        D:1 |      65 |       9 |  12.2 |      29 |       6 |  17.1
        D:2 |      61 |       3 |   4.7 |      20 |       2 |   9.1
            +---------+---------+-------+---------+---------+-------
